 Dungeon Crawl Stone Soup version 0.23.1 (webtiles) character file.

Game seed: 0

220 FessEmpty the Bolt Thrower (level 5, 0/44 HPs)
             Began as a Centaur Arcane Marksman on Mar 16, 2019.
             Succumbed to a scorpion's poison
             ... on level 3 of the Dungeon.
             The game lasted 00:11:54 (3668 turns).

FessEmpty the Bolt Thrower (CeAM)                   Turns: 3668, Time: 00:11:55

Health: 0/44       AC:  7    Str: 13    XL:     5   Next: 64%
Magic:  6/6        EV:  7    Int: 17    God:
Gold:   77         SH:  0    Dex: 10    Spells: 2/6 levels left

rFire    . . .     SeeInvis .   b - +0 flail
rCold    . . .     Gourm    .   (no shield)
rNeg     . . .     Faith    .   m - +0 scale mail
rPois    .         Spirit   .   (no helmet)
rElec    .         Reflect  .   j - +0 cloak
rCorr    .         Harm     .   (no gloves)
MR       .....                  (no barding)
Stlth    ..........             (no amulet)
HPRegen  0.14/turn              (no ring)
MPRegen  0.10/turn              (no ring)

@: brilliant, lethally poisoned (0 -> -21), flying, very quick
A: large, hooves 3, deformed body, speed 2, tough skin 3
a: no special abilities


You were on level 3 of the Dungeon.
You were not hungry.

You visited 1 branch of the dungeon, and saw 4 of its levels.

You collected 77 gold pieces.

Inventory:

Hand Weapons
 a - a +0 hand crossbow
 b - a +0 flail (weapon)
Missiles
 d - 18 bolts
Armour
 j - a +0 cloak (worn)
 m - a +0 scale mail (worn)
Wands
 n - a wand of flame (12)
Scrolls
 c - a scroll of amnesia {unknown}
 e - a scroll of remove curse {unknown}
 g - 5 scrolls of identify {unknown}
 i - 2 scrolls of magic mapping {unknown}
 p - a scroll of immolation {unknown}
 r - a scroll of enchant armour {unknown}
 u - a scroll of teleportation {unknown}
Potions
 k - a potion of haste {unknown}
 l - a potion of heal wounds {unknown}
 o - a potion of curing {unknown}
 s - a potion of lignification {unknown}
 t - a potion of flight
 v - a potion of berserk rage {unknown}
Comestibles
 f - 10 rations
 q - 5 chunks of flesh


   Skills:
 + Level 2.9 Fighting
 + Level 0.6 Maces & Flails
 * Level 4.3 Crossbows
 - Level 1.3 Dodging
 - Level 1.0 Spellcasting
 - Level 3.8 Hexes
 * Level 0.4 Translocations


You had 2 spell levels left.
You knew the following spells:

 Your Spells              Type           Power        Failure   Level  Hunger
a - Corona                Hex            ###....      2%          1    ##.....
b - Portal Projectile     Hex/Tloc       ###...       14%         3    ####...

Your spell library contained the following spells:

 Spells                   Type           Power        Failure   Level  Hunger
 Slow                     Hex            ###.....     4%          2    ###....
 Inner Flame              Hex/Fire       ###.....     16%         3    ####...
 Cause Fear               Hex            ###.......   22%         4    #####..
 Leda's Liquefaction      Hex/Erth       ###.......   41%         4    #####..


Dungeon Overview and Level Annotations

Branches:
Dungeon (4/15)
 Temple: D:4-7

Altars:
Nemelex Xobeh

Annotations:
D:2 4 exclusions, Sigmund


Innate Abilities, Weirdness & Mutations

You have hooves in place of feet.
Armour fits poorly on your strangely shaped body.
You cover ground very quickly.
You have extremely tough skin. (AC +3)


Message History

q - 8 chunks of flesh (gained 1)
You see here a leopard gecko skeleton. x2
You see here a leopard gecko skeleton.
Found a leather armour.
Search for what [Enter for "bow", or ? for help]? mace
Found a short sword.
A quokka and a worm come into view.
A jackal zombie comes into view.
Found a ration.
Found 2 rations.
You sock the quokka!
You kill the quokka!
You sock the worm!
The worm is heavily wounded.
The worm bites you.
You hit the worm. You kick the worm, but do no damage.
The worm is severely wounded.
The jackal zombie barely misses you.
The jackal zombie bites you but does no damage.
The worm barely misses you.
You barely miss the worm. Your kick misses the worm.
The worm is severely wounded.
The jackal zombie barely misses you. x2
You sock the worm!
You kill the worm!
The jackal zombie closely misses you.
You sock the jackal zombie!
The jackal zombie is almost destroyed.
The jackal zombie bites you but does no damage.
The jackal zombie barely misses you.
Your scale mail prevents you from hitting the jackal zombie.
The jackal zombie is almost destroyed.
The jackal zombie bites you but does no damage. x2
Some of the chunks of flesh in your inventory have rotted away.
You completely miss the jackal zombie.
The jackal zombie is almost destroyed.
The jackal zombie bites you but does no damage.
You sock the jackal zombie!
You destroy the jackal zombie!
Some of the chunks of flesh in your inventory have rotted away.
You butcher the worm corpse.
q - 8 chunks of flesh (gained 3)
You butcher the quokka corpse.
q - 9 chunks of flesh (gained 1)
You see here a quokka skeleton. x2
f - 7 rations (gained 1)
A ball python comes into view.
You see here a ration.
A ball python is nearby!
A goblin and a kobold come into view.
The kobold shouts!
The goblin shouts!
The ball python bites you.
You closely miss the ball python. You kick the ball python.
You kill the ball python!
You see here a ration.
You hit the goblin.
The goblin is moderately wounded.
The goblin hits you but does no damage. The goblin hits you with a +0 dagger.
You closely miss the goblin.
The goblin is moderately wounded.
The goblin completely misses you.
You hit the goblin.
You kill the goblin!
You completely miss the kobold. The kobold barely misses you. x2
You closely miss the kobold. Your kick misses the kobold.
The kobold hits you but does no damage.
You barely miss the kobold.
The kobold hits you but does no damage. x2
You sock the kobold!
You kill the kobold!
No target in view!
No target in view!
Things that are here:
a +0 short sword; a +0 dagger; a goblin corpse You butcher the goblin corpse.
q - 12 chunks of flesh (gained 3)
Things that are here:
a +0 short sword; a +0 dagger; a goblin skeleton
Things that are here:
a +0 short sword; a +0 dagger; a goblin skeleton
f - 8 rations (gained 1)
v - a smoky golden potion
f - 9 rations (gained 1) Some of the chunks of flesh in your inventory have rotted away.
g - 5 scrolls labeled WEHEGAUTATS (gained 1)
A rat comes into view.
You thump the rat!
You kill the rat!
No target in view!
A kobold comes into view.
The kobold shouts!
You see here a rat corpse.
A kobold is nearby!
You closely miss the kobold. Your kick misses the kobold.
The kobold barely misses you. The kobold hits you but does no damage.
You closely miss the kobold. The kobold hits you but does no damage.
You completely miss the kobold.
The kobold hits you but does no damage. x2
You hit the kobold.
The kobold is severely wounded.
The kobold barely misses you.
You hit the kobold.
You kill the kobold!
No target in view!
f - 10 rations (gained 1)
You butcher the rat corpse.
q - 10 chunks of flesh (gained 1)
You see here a rat skeleton. x2
Some of the chunks of flesh in your inventory have rotted away.
Done exploring.
Done exploring.
Done exploring.
(D) Dungeon
Where to? (Enter - D:2 @ (x,y), ? - help)
There is a stone staircase leading down here.
You climb downwards.
A worker ant comes into view.
Found an escape hatch in the ceiling.
Found a stone staircase leading up.
There is a stone staircase leading up here.
A scorpion comes into view.
There is a stone staircase leading up here.
The worker ant bites you but does no damage.
You climb upwards.
There is a stone staircase leading down here.
You hit the worker ant. You kick the worker ant.
The worker ant is heavily wounded.
The worker ant bites you. x2
You hit the worker ant.
The worker ant is severely wounded.
The worker ant bites you but does no damage. x2
You hit the worker ant. Your kick misses the worker ant.
The worker ant is almost dead.
The worker ant bites you.
Some of the chunks of flesh in your inventory have rotted away.
You closely miss the worker ant.
The worker ant is almost dead.
The worker ant bites you.
The worker ant bites you but does no damage.
You barely miss the worker ant. Your kick misses the worker ant.
The worker ant is almost dead.
The worker ant bites you but does no damage.
The worker ant bites you.
You hit the worker ant.
The worker ant is almost dead.
The worker ant bites you but does no damage.
You hit the worker ant.
You kill the worker ant!
You start resting.
Eating one of 8 chunks of flesh.
You eat one of the 8 chunks of flesh.
This raw flesh tastes terrible.
Some of the chunks of flesh in your inventory have rotted away.
HP restored.
You butcher the worker ant corpse.
q - 5 chunks of flesh (gained 1) Done exploring.
There is a stone staircase leading down here.
You climb downwards.
The scorpion barely misses you.
There is a stone staircase leading up here.
You barely miss the scorpion. The scorpion stings you.
You hit the scorpion.
The scorpion is lightly wounded.
The scorpion stings you.
You are poisoned.
The scorpion poisons you! The scorpion completely misses you.
You feel sick.
Found 12 gold pieces.
You feel sick.
Your scale mail prevents you from hitting the scorpion.
The scorpion is lightly wounded.
You feel sick. The scorpion stings you.
You are more poisoned.
The scorpion poisons you!
You feel sick.
The scorpion stings you but does no damage.
You feel sick. The scorpion stings you.
You are more poisoned.
The scorpion poisons you!
There is a stone staircase leading up, spattered with blood here.
You feel sick.
You feel sick.
There is a stone staircase leading up here.
You feel sick. The scorpion stings you.
You are more poisoned.
The scorpion poisons you!
You climb upwards.
* * * LOW HITPOINT WARNING * * *
You feel very sick.
There is a stone staircase leading down here.
It was a potion of flight.
You feel very buoyant.
You fly up into the air.
* * * LOW HITPOINT WARNING * * *
You feel sick.
The scorpion stings you but does no damage.
It was a potion of brilliance.
You feel clever all of a sudden.
* * * LOW HITPOINT WARNING * * *
You feel sick. The scorpion stings you.
* * * LOW HITPOINT WARNING * * *
* * * LOW HITPOINT WARNING * * *
You feel sick.
You die...

# ######... ##########
#######......## .........##
#####.......####.#
#.######..#####.....######.....#
#....####.......###........>####
####....#####...###.........#####
#####.............#....(........#
................#.#..............
###.............@.s.........#.#.#
.................#..........#...#
.......)....................#..##
...............).##.........#.###
.................)...............
................##............###
###..[.........#........##.....#
.###...............#....##.....##
....................#..........#.


You could see a scorpion.

Vanquished Creatures
  Terence (D:2)
  A worker ant (D:3)
  4 gnolls (D:1)
  5 adders
  2 worms
  A dart slug (D:3)
  3 leopard geckos
  8 giant cockroaches
  6 goblins
  6 hobgoblins
  9 jackals
  9 kobolds
  2 quokkas
  2 ball pythons
  7 bats
  A frilled lizard (D:2)
  A jackal zombie (D:3)
  8 rats
76 creatures vanquished.

Notes
Turn   | Place    | Note
-------+----------+-------------------------------------------
     0 | D:1      | FessEmpty the Centaur Arcane Marksman began the quest for
                  | the Orb.
     0 | D:1      | Reached XP level 1. HP: 16/16 MP: 2/2
   337 | D:1      | Reached XP level 2. HP: 4/23 MP: 3/3
  1155 | D:1      | Reached XP level 3. HP: 28/28 MP: 4/4
  1366 | D:1      | Reached skill level 3 in Crossbows
  1782 | D:2      | Learned a level 3 spell: Portal Projectile
  1943 | D:2      | Noticed Sigmund
  2281 | D:1      | Reached XP level 4. HP: 30/36 MP: 5/5
  2525 | D:2      | Found a sparkling altar of Nemelex Xobeh.
  2681 | D:2      | Noticed Terence
  2713 | D:2      | Killed Terence
  2713 | D:2      | Reached XP level 5. HP: 42/42 MP: 6/6
  2984 | D:3      | Reached skill level 4 in Crossbows
  3185 | D:3      | Found a faded altar of an unknown god.
  3667 | D:3      | HP: 1/44 [poisoned by a scorpion]
  3668 | D:3      | Succumbed to a scorpion's poison

Skill      XL: |  1  2  3  4  5 |
---------------+----------------+-----
Hexes          | 3 |  3.8
Crossbows      | 3 4 |  4.3
Fighting       | 2 |  2.9
Maces & Flails | |  0.6
Dodging        | |  1.3
Spellcasting   | |  1.0
Translocations | |  0.4

Action                   |  1- 3 |  4- 6 || total
-------------------------+-------+-------++-------
Melee: Club              |   131 |     2 ||   133
       Unarmed           |     6 |       ||     6
       Kick              |    15 |    16 ||    31
       Flail             |       |   108 ||   108
 Fire: Hand crossbow     |    16 |    14 ||    30
  Use: Potion            |       |     2 ||     2
  Eat: Chunk             |     3 |     5 ||     8
Armor: Robe              |    67 |       ||    67
       Scale mail        |    14 |    82 ||    96
Dodge: Dodged            |    76 |    45 ||   121
